Map: Recife Abissal LE

Players

Alakazam - Winner!

  • Race: Terran Terran
  • League: Platinum
  • Spawn Location: 5:00

efelinto

  • Race: Protoss Protoss
  • League: Diamond
  • Spawn Location: 11:00

VOD

Have the link to the VOD?

Description

Time

  • Played on: April 23, 2017, 3:28 a.m.
  • Length: 4:14
Show
View Real Time Build Order
Export as new Build Order

Alakazam Terran - Winner!

Build Orders:  

Get SALT Encoding   

  12  0:01  SCV  
  13  0:13  SCV  
  14  0:25  Supply Depot  
  14  0:26  SCV  
  15  0:47  SCV  
  16  0:50  Barracks  
  16  1:01  Barracks  
  16  1:06  Barracks  
  16  1:19  Supply Depot  
  16  1:28  Barracks  
  16  1:43  Marine  
  17  1:48  Orbital Command  
  17  1:50  Marine  
  18  1:57  Marine  
  19  2:01  Marine  
  20  2:09  Marine  
  20  2:14  SCV  
  22  2:15  Marine  
  22  2:17  Marine  
  24  2:23  Supply Depot  
  24  2:24  Marine  
  25  2:30  Marine  
  25  2:33  Marine  
  25  2:36  Marine  
  28  2:42  Marine  
  28  2:43  SCV  
  30  2:50  Engineering Bay  
  30  2:52  Marine x2  
  32  2:58  Supply Depot  
  32  2:59  Marine  
  33  3:10  Marine x3  
  33  3:28  Marine x4  
  37  3:47  Marine x4  
Show
View Real Time Build Order
Export as new Build Order

efelinto Protoss 

Build Orders:  

Get SALT Encoding   

  12  0:02  Probe (Chrono Boost)  
  13  0:13  Probe (Chrono Boost)  
  14  0:20  Pylon  
  14  0:23  Probe (Chrono Boost)  
  15  0:38  Probe (Chrono Boost)  
  15  0:40  Gateway  
  16  0:47  Assimilator  
  16  0:49  Probe (Chrono Boost)  
  17  0:56  Assimilator  
  17  1:01  Probe (Chrono Boost)  
  18  1:11  Probe (Chrono Boost)  
  19  1:22  Probe (Chrono Boost)  
  20  1:28  Cybernetics Core  
  21  1:32  Probe (Chrono Boost)  
  21  1:43  Probe (Chrono Boost)  
  22  1:48  Pylon  
  22  1:54  Probe (Chrono Boost)  
  23  2:04  Nexus  
  23  2:11  Stalker  
  25  2:37  Stalker  
  25  2:43  Pylon  
  27  3:00  Gateway x2  
  27  3:04  Gateway  
  27  3:22  Mothership Core (Chrono Boost)  
  25  3:57  Pylon  
  16  4:03  Pylon  
Tags
 
Add a new tag
Caveats
  • Supply blocks, unpowered buildings, or Contaminate may cause inaccurate times.
  • Supply counts are checked every 10 seconds.